 Dungeon Crawl Stone Soup version 0.15.2 (webtiles) character file.

551 theanonym the Slasher (level 7, -4/49 HPs)
             Began as a High Elf Death Knight on Dec 6, 2018.
             Was a Believer of Yredelemnul.
             Slain by Blork the orc
             ... wielding a +0 broad axe of freezing
              (10 damage)
             ... on Level 4 of the Dungeon.
             The game lasted 00:07:47 (5254 turns).

theanonym the Slasher (High Elf Death Knight)       Turns: 5254, Time: 00:07:47

HP  -4/49        AC  9     Str 14      XL: 7   Next:  7%
MP  16/16        EV  5     Int 14      God: Yredelemnul [**....]
Gold 226         SH  5     Dex 16      Spells:  0 memorised,  6 levels left

rFire  . . .     SeeInvis .     a - +1 falchion
rCold  . . .     Clarity  .     i - +0 chain mail
rNeg   . . .     rCorr    .     m - +0 buckler
rPois  .         rRot     .     l - +0 helmet
rElec  .         Spirit   .     (no cloak)
SustAb .         Warding  .     (no gloves)
rMut   .         Stasis   .     (no boots)
Gourm  .                        (no amulet)
MR     .....                    (no ring)
                                (no ring)

@: not resistant to hostile enchantments, extremely unstealthy
A: no striking features
a: Animate Remains, Recall Undead Slaves, Injury Mirror, Renounce Religion


   Skills:
 + Level 4.4 Fighting
 * Level 6.7 Long Blades
 - Level 0.8 Armour
 - Level 1.1 Dodging
 + Level 2.9 Shields
 - Level 3.0 Invocations


You had 6 spell levels left.
You didn't know any spells.

Action                   |  1- 3 |  4- 6 |  7- 9 || total
-------------------------+-------+-------+-------++-------
Melee: Falchion          |   110 |   195 |    23 ||   328
Invok: Animate Remains   |    17 |    13 |     1 ||    31
       Recall Undead Sla |       |     2 |       ||     2
  Use: Scroll            |     1 |     3 |     3 ||     7
       Potion            |       |     1 |       ||     1
 Stab: Distracted        |       |       |     1 ||     1
  Eat: Chunk             |     3 |     4 |       ||     7
       Royal jelly       |     1 |       |       ||     1
       Pizza             |     1 |       |       ||     1
       Bread ration      |       |     1 |       ||     1
       Beef jerky        |       |       |     1 ||     1

Inventory:

Hand weapons
 a - a +1 falchion (weapon)
Armour
 b - a +0 leather armour
 i - a +0 chain mail (worn)
   (You found it on level 1 of the Dungeon)
 l - a +0 helmet (worn)
   (You found it on level 1 of the Dungeon)
 m - a +0 buckler (worn)
   (You found it on level 1 of the Dungeon)
Comestibles
 c - 4 bread rations
Scrolls
 d - 3 scrolls of recharging
 e - 2 scrolls of remove curse
 g - a scroll of fear {unknown}
 j - a scroll of teleportation {!r}
 k - a scroll of amnesia
 o - a scroll of enchant armour {unknown}
 q - a scroll of fog {unknown}
Potions
 f - a potion of agility
 n - a potion of curing
 p - a potion of cancellation


You were on level 4 of the Dungeon.
You worshipped Yredelemnul.
Yredelemnul was pleased with you.
You were not hungry.

You visited 1 branch of the dungeon, and saw 4 of its levels.

You collected 226 gold pieces.

Dungeon Overview and Level Annotations

Branches:
Dungeon (4/15)
 Temple: D:4-7

Altars:
Trog

Annotations:
D:4 Blork the orc

###
#.###############
#.......@o..!....
#Z##############.
#.# #.# #.# #.#
###### #.# #....#
#Z# #.##(#
#Z#####.##.#


You could see Blork the orc and the friendly Natasha the felid zombie.

Notes
Turn   | Place    | Note
--------------------------------------------------------------
     0 | D:1      | theanonym, the High Elf Death Knight, began the quest for the Orb.
     0 | D:1      | Reached XP level 1. HP: 14/14 MP: 3/3
    99 | D:1      | theanonym: !stats muwr
    99 | D:1      | theanonym: !stats hedk
    99 | D:1      | beem: Starting stats for MuWr: Str 14 Int 12 Dex 11. Stat gain: sid/5
    99 | D:1      | beem: Go start a hedk if you want me to know its starting stats.
   506 | D:1      | Reached skill level 3 in Long Blades
   648 | D:1      | Reached XP level 2. HP: 19/19 MP: 4/4
  1028 | D:2      | HP: 10/20 [poisoned by an adder]
  1033 | D:2      | HP: 4/20 [poisoned by an adder]
  1041 | D:2      | HP: 3/20 [poisoned by an adder]
  1073 | D:2      | HP: 2/20 [jackal (2)]
  1076 | D:2      | Reached XP level 3. HP: 2/25 MP: 0/7
  1601 | D:2      | HP: 11/25 [rat (2)]
  1602 | D:2      | HP: 4/25 [worm (7)]
  1603 | D:2      | Reached skill level 1 in Shields
  2148 | D:2      | Reached skill level 3 in Fighting
  2149 | D:2      | HP: 13/26 [poisoned by an adder]
  2154 | D:2      | HP: 10/26 [poisoned by an adder]
  2159 | D:2      | HP: 8/26 [poisoned by an adder]
  2166 | D:2      | HP: 7/26 [poisoned by an adder]
  2174 | D:2      | HP: 6/26 [poisoned by an adder]
  2450 | D:2      | Reached XP level 4. HP: 27/31 MP: 9/9
  2901 | D:3      | Found a bloodstained altar of Trog.
  2907 | D:3      | Reached skill level 4 in Long Blades
  2941 | D:3      | HP: 7/31 [orc priest/divine providence (10)]
  2945 | D:3      | Acquired Yredelemnul's second power
  3185 | D:3      | Reached XP level 5. HP: 22/36 MP: 11/11
  3307 | D:3      | Noticed a phantom
  3463 | D:2      | Killed a phantom
  3463 | D:2      | Reached skill level 5 in Long Blades
  3463 | D:2      | Reached skill level 2 in Shields
  3610 | D:3      | Noticed Dissent's ghost (average OpTm)
  3626 | D:3      | Killed Dissent's ghost
  3626 | D:3      | Reached skill level 4 in Fighting
  3626 | D:3      | Reached XP level 6. HP: 36/43 MP: 13/13
  3761 | D:3      | Noticed Sigmund
  3782 | D:2      | HP: 19/43 [something (4)]
  3784 | D:2      | HP: 9/43 [something (2)]
  3809 | D:2      | HP: 7/43 [something (5)]
  3811 | D:2      | HP: 3/43 [something (1)]
  3814 | D:2      | Killed Sigmund
  4124 | D:3      | Noticed a phantom
  4152 | D:3      | HP: 19/43 [phantom (6)]
  4179 | D:3      | HP: 20/43 [phantom (1)]
  4186 | D:3      | Killed a phantom
  4186 | D:3      | Reached skill level 6 in Long Blades
  4742 | D:4      | Noticed Natasha
  4754 | D:4      | Killed Natasha
  4878 | D:4      | Reached XP level 7. HP: 34/49 MP: 16/16
  4886 | D:4      | HP: 23/49 [kobold/dagger (2)]
  4893 | D:4      | HP: 19/49 [poisoned by an adder]
  4901 | D:4      | HP: 18/49 [poisoned by an adder]
  5156 | D:4      | Noticed Natasha
  5160 | D:4      | Killed Natasha
  5248 | D:4      | Noticed Blork the orc
  5254 | D:4      | HP: 6/49 [Blork the orc/broad axe of freezing (20)]
  5254 | D:4      | Slain by Blork the orc

Vanquished Creatures
  The ghost of Dissent the Changer, an average OpTm (D:3)
  A phantom (D:3)
  Sigmund (D:2)
  An orc priest (D:3)
  A hound (D:4)
  Natasha (D:4)
  6 adders
  2 worms (D:2)
  4 giant geckos
  2 oozes
  2 orcs (D:3)
  3 giant cockroaches
  4 hobgoblins
  19 jackals
  8 kobolds
  A quokka (D:3)
  A ball python (D:2)
  2 bats
  A giant newt (D:3)
  4 goblins
  An orc skeleton (D:4)
  5 rats
71 creatures vanquished.

Vanquished Creatures (collateral kills)
  A phantom (D:2)
  An orc priest (D:3)
  Natasha (D:4)
  An orc (D:3)
  2 jackals
  A bat (D:4)
  2 goblins (D:2)
  A rat (D:1)
10 creatures vanquished.

Vanquished Creatures (others)
  A worm zombie (D:2)
  2 adder zombies
  A bat zombie (D:3)
  A ball python zombie (D:2)
  2 giant cockroach zombies (D:3)
  A giant gecko zombie (D:3)
  A hobgoblin zombie (D:3)
  A jackal skeleton (D:2)
  2 jackal zombies
  A kobold zombie (D:2)
  A rat zombie (D:2)
14 creatures vanquished.

Grand Total: 95 creatures vanquished

Table legend:
 A = Turns spent in this place as a percentage of turns spent in the entire game.
 B = Non-inter-level travel turns spent in this place as a percentage of non-inter-level travel turns spent in the entire game.
 C = Inter-level travel turns spent in this place as a percentage of turns spent in this place.
 D = Turns resting spent in this place as a percentage of non-inter-level travel turns spent in this place.
 E = Turns spent auto-exploring this place as a percentage of non-inter-level travel turns spent in this place.
 F = Non-inter-level travel turns spent in this place divided by the number of levels of this place that you've seen.
                   A       B       C       D       E      F
               +-------+-------+-------+-------+-------+----------------------
         Total | 100.0 | 100.0 |   1.1 |   5.4 |  11.5 | 279.2
       Dungeon | 100.0 | 100.0 |   1.1 |   5.4 |  11.5 | 279.2
               +-------+-------+-------+-------+-------+----------------------
